 Seeded DCSS version 0.28-a0-1567-g1695149f81 (webtiles) character file.

Game seed: 6289209390817847154 (custom seed)

3105 innerfire433 the Slinger (level 9, -15/57 HPs)
             Began as a Vampire Necromancer on Jan 18, 2022.
             Was an Initiate of Ru.
             Demolished by an ogre (16 damage)
             ... on level 7 of the Dungeon on Jan 19, 2022.
             The game lasted 00:13:47 (5957 turns).

innerfire433 the Slinger (Vampire Necromancer)      Turns: 5957, Time: 00:13:49

Health: -15/57     AC: 12    Str: 15    XL:     9   Next: 60%
Magic:  12/12      EV:  4    Int: 17    God:    Ru [......]
Gold:   237        SH:  0    Dex: 18    Spells: 11/12 levels left

rFire   + . .      SeeInvis +   g - +7 hunting sling "Zuryem" {vorpal, Drain Str+4 Dex+3}
rCold   x . .      Faith    .   (no shield)
rNeg    . . .      Spirit   .   l - +1 plate armour "Opsog" {SInv}
rPois   .          Reflect  .   j - +0 helmet
rElec   .          Harm     .   (no cloak)
rCorr   .          Rampage  .   (no gloves)
Will    .....      Clarity  +   (no boots)
Stlth   ..........              r - amulet of magic regeneration
HPRegen 0.39/turn               v - ring of fire
MPRegen 0.53/turn               (no ring)

@: healing quickly
A: alive, fangs 3, see invisible, vampiric 2, thin skeletal structure 1,
clarity, clumsy 1, MP-powered wands
a: Exsanguinate, Renounce Religion


You were on level 7 of the Dungeon.
You worshipped Ru.
Ru was noncommittal.
You visited 1 branch of the dungeon, and saw 7 of its levels.

You collected 237 gold pieces.

Inventory:

Hand Weapons
 b - the +9 staff of Olgreb {rPois∞}
   (You acquired it on level 1 of the Dungeon)

   If the wielder is skilled in Evocations, they can envenom those struck by it,
   dealing poison damage which bypasses armour.
   It enhances your poison magic.
   It grants immunity to poison.
   It can be evoked to radiate toxic energy, with effectiveness depending on
   Evocations skill.
 g - the +7 hunting sling "Zuryem" (weapon) {vorpal, Drain Str+4 Dex+3}
   (You found it on level 2 of the Dungeon)

   Any ammunition fired from it inflicts extra damage upon your enemies.
   Str:       It affects your strength (+4).
   Dex:       It affects your dexterity (+3).
   Drain:     It drains your maximum health when unequipped.
Missiles
 h - 37 sling bullets (quivered ammo)
Armour
 a - a +0 robe
 j - a +0 helmet (worn)
 k - a +0 scale mail
 l - the +1 plate armour "Opsog" (worn) {SInv}
   (You acquired it on level 3 of the Dungeon)

   SInv:      It lets you see invisible.
Jewellery
 r - an amulet of magic regeneration (around neck)
 v - a ring of fire (left hand)
Wands
 p - a wand of flame (26)
Scrolls
 d - a scroll of silence
 e - 2 scrolls of noise {unknown}
 f - a scroll of fog {unknown}
 i - a scroll of immolation {unknown}
 m - 3 scrolls of identify
 n - a scroll of torment {unknown}
 o - 4 scrolls of teleportation
 q - a scroll of brand weapon {unknown}
 s - a scroll of enchant armour {unknown}
Potions
 t - a potion of heal wounds {unknown}
 u - a potion of attraction {unknown}
 w - a potion of might


   Skills:
 - Level 0.5 Staves
 * Level 11.1 Slings
 - Level 2.1 Dodging
 - Level 3.0 Stealth
 - Level 0.2 Unarmed Combat
 - Level 2.1 Spellcasting
 - Level 4.9 Necromancy
 - Level 0.1 Transmutations


You had 11 spell levels left.
You knew the following spells:

 Your Spells              Type           Power      Damage    Failure   Level
a - Pain                  Necr           72%        1d7       95%         1

Your spell library contained the following spells:

 Spells                   Type           Power      Damage    Failure   Level
 Animate Skeleton         Necr           36%        N/A       95%         1
 Sting                    Tmut/Pois      8%         1d3       100%        1
 Ensorcelled Hibernation  Hex/Ice        2%         N/A       100%        2
 Poisonous Vapours        Pois/Air       2%         N/A       100%        2
 Vampiric Draining        Necr           18%        2d7       100%        3
 Animate Dead             Necr           9%         N/A       100%        4
 Olgreb's Toxic Radiance  Pois           1%         N/A       100%        4
 Agony                    Necr           18%        N/A       100%        5


Dungeon Overview and Level Annotations

Branches:
Dungeon (7/15)             Temple (0/1) D:4

Altars:
Gozag
Ru
Zin
The Shining One

Annotations:
D:7 1 runed translucent door, Crazy Yiuf


Innate Abilities, Weirdness & Mutations

Your natural rate of healing is accelerated.
You have razor-sharp teeth.
You have supernaturally acute eyesight. (SInv)
You are afflicted with vampirism and can become a bat while bloodless.
You have a somewhat thin skeletal structure. (Dex +2, Stealth+)
You possess an exceptional clarity of mind.
You are clumsy. (Dex -2)
You expend magic power (3 MP) to strengthen your wands.


Message History

The wraith completely misses you.
You feel better. The wraith hits you but does no damage.
The steam dragon bites you but does no damage.
The steam dragon claws you.
You shoot a sling bullet. The sling bullet hits the steam dragon!
The steam dragon is severely wounded.
The wraith hits you but does no damage. The steam dragon bites you.
The steam dragon claws you.
You are too injured to fight recklessly!
You are too injured to fight recklessly!
Fire: 41 sling bullets
Press: ? - help, Q - select action, (/) - cycle Shift-Dir - straight line, f/p - steam dragon
Aim: a steam dragon (steam, severely wounded, 72% to hit)
You shoot a sling bullet.
The sling bullet completely misses the steam dragon.
Fire: 40 sling bullets
Press: ? - help, Q - select action, (/) - cycle Shift-Dir - straight line, f/p - steam dragon
Aim: a steam dragon (severely wounded, 72% to hit)
You shoot a sling bullet. The sling bullet hits the steam dragon!
You kill the steam dragon!
The steam dragon scales are intact enough to wear.
The wraith hits you but does no damage.
The ogre hits you with a +0 giant spiked club!
* * * LOW HITPOINT WARNING * * *
Your Slings skill increases to level 11!
Fire: 39 sling bullets
Press: ? - help, Q - select action, (/) - cycle Shift-Dir - straight line, f - ogre
Aim: an ogre, wielding a +0 giant spiked club (82% to hit)
You shoot a sling bullet. The sling bullet hits the ogre.
The ogre is moderately wounded.
The wraith hits you.
* * * LOW HITPOINT WARNING * * *
A gnoll comes into view. It is wielding a +0 whip.
Fire: 38 sling bullets
Press: ? - help, Q - select action, (/) - cycle Shift-Dir - straight line, f/p - ogre
Aim: an ogre, wielding a +0 giant spiked club (moderately wounded, 82% to hit)
You shoot a sling bullet. The sling bullet hits the ogre.
The ogre is heavily wounded.
The ogre hits you with a +0 giant spiked club!
You die...

#............#
#............#
#............#
#............#
#..............
#....#..........
#....#....[.....
#....#..........
#....#@O......
#....#W[......
#.............
#.....((......
#....#(.(.(...
......(#..###..
##..... #.# ..
#....(. .g
....#.. #..


You could see a wraith, an ogre and a gnoll.

Vanquished Creatures
  A hornet (D:7)
  Sigmund (D:5)
  A steam dragon (D:7)
  An orc warrior (D:7)
  A sky beast (D:5)
  4 ice beasts
  2 black bears
  3 ogres
  A centaur (D:6)
  2 phantoms
  A bullfrog (D:6)
  2 scorpions (D:6)
  A water moccasin zombie (D:6)
  2 water moccasin skeletons
  3 hounds
  3 orc priests
  A gnoll shaman (D:5)
  5 jellies
  Jessica (D:3)
  4 centaur skeletons
  5 iguanas
  6 orc wizards
  Terence (D:3)
  A killer bee zombie (D:7)
  A hound skeleton (D:4)
  2 howler monkey zombies (D:7)
  8 adders
  3 gnolls (D:5)
  A white imp (D:5)
  An ufetubus (D:5)
  An adder skeleton (D:5)
  3 worms
  19 orcs
  9 endoplasms
  3 giant cockroaches
  6 goblins
  9 hobgoblins
  3 quokkas
  3 ball pythons
  3 bats
  2 frilled lizards (D:1)
  2 kobolds
  3 rats
135 creatures vanquished.

Notes
Turn   | Place    | Note
-------+----------+-------------------------------------------
     0 | D:1      | innerfire433 the Vampire Necromancer began the quest for
                  | the Orb.
     0 | D:1      | Reached XP level 1. HP: 13/13 MP: 3/3
   325 | D:1      | Reached XP level 2. HP: 19/19 MP: 0/5
   325 | D:1      | Identified a scroll of acquirement
   325 | D:1      | Acquired the +9 staff of Olgreb {rPois∞}
   325 | D:1      | Found the +9 staff of Olgreb {rPois∞}
   723 | D:1      | Found a faded altar of an unknown god.
   895 | D:1      | Upgraded the game from 0.28-a0-1555-g9ae15a6949 to
                  | 0.28-a0-1567-g1695149f81
   994 | D:2      | Identified the +7 hunting sling "Zuryem" {vorpal, Drain
                  | Str+4 Dex+3}
  1168 | D:2      | Gained mutation: You are afflicted with vampirism and can
                  | become a bat while bloodless. [Vampire growth]
  1168 | D:2      | Reached XP level 3. HP: 24/24 MP: 6/6
  1182 | D:2      | Reached skill level 1 in Slings
  1750 | D:3      | Reached skill level 2 in Slings
  1750 | D:3      | Reached XP level 4. HP: 30/30 MP: 7/7
  1934 | D:3      | Noticed Jessica
  1934 | D:3      | Noticed Terence
  1939 | D:3      | Killed Terence
  1940 | D:3      | Reached skill level 3 in Slings
  1940 | D:3      | Reached XP level 5. HP: 24/35 MP: 8/8
  1944 | D:3      | Killed Jessica
  2059 | D:3      | Got Jessica's Volume of the Oath
  2060 | D:3      | Acquired the +1 plate armour "Opsog" {SInv}
  2725 | D:4      | Noticed an ice beast
  2728 | D:4      | Killed an ice beast
  2729 | D:4      | Reached skill level 4 in Slings
  2729 | D:4      | Reached XP level 6. HP: 41/41 MP: 9/9
  3253 | D:4      | Found a staircase to the Ecumenical Temple.
  3285 | D:5      | Entered Level 5 of the Dungeon
  3389 | D:5      | Reached skill level 5 in Slings
  3497 | D:5      | Reached XP level 7. HP: 45/46 MP: 10/10
  3522 | D:5      | Reached skill level 6 in Slings
  3523 | D:5      | Gained mutation: You have hidden genetic potential. [potion
                  | of mutation]
  3523 | D:5      | Gained mutation: You have an increased reservoir of magic.
                  | (+10% MP) [potion of mutation]
  3523 | D:5      | Gained mutation: You are strong-willed. (Will+) [potion of
                  | mutation]
  3524 | D:5      | Lost mutation: You have an increased reservoir of magic.
                  | (+10% MP) [potion of mutation]
  3524 | D:5      | Lost mutation: You are strong-willed. (Will+) [potion of
                  | mutation]
  3524 | D:5      | Gained mutation: You are clumsy. (Dex -2) [potion of
                  | mutation]
  3524 | D:5      | Gained mutation: You have a somewhat thin skeletal
                  | structure. (Dex +2, Stealth+) [potion of mutation]
  3738 | D:5      | Found an opulent altar of Gozag.
  4035 | D:5      | Reached skill level 7 in Slings
  4071 | D:5      | Noticed Sigmund
  4092 | D:5      | Killed Sigmund
  4093 | D:5      | Reached XP level 8. HP: 47/52 MP: 11/11
  4131 | D:5      | Gained mutation: You expend magic power (3 MP) to
                  | strengthen your wands. [hidden potential]
  4440 | D:6      | Reached skill level 8 in Slings
  4546 | D:6      | Reached skill level 9 in Slings
  4878 | D:6      | Reached XP level 9. HP: 57/57 MP: 12/12
  5006 | D:6      | Found a sacrificial altar of Ru.
  5032 | D:6      | Gained mutation: You possess an exceptional clarity of
                  | mind. [hidden potential]
  5032 | D:6      | Lost mutation: You have hidden genetic potential. [hidden
                  | potential expressed]
  5105 | D:6      | Became a worshipper of Ru the Awakened
  5255 | D:6      | Reached skill level 10 in Slings
  5820 | D:7      | Found a runed translucent door.
  5821 | D:7      | Noticed Crazy Yiuf
  5956 | D:7      | Reached skill level 11 in Slings
  5956 | D:7      | HP: 1/57 [wraith (5)]
  5957 | D:7      | Demolished by an ogre

Illustrated notes

Levels and vault maps discovered:
D:1:      mrwooster_arrival_statue, layout_basic,
          shapermc_ecumenical_altar_mp_ritualfount
D:2:      layout_basic
D:3:      layout_rooms, kennysheep_jessica_study, uniq_terence
D:4:      layout_layer_cave, minmay_temple_entry_overgrown
D:5:      layout_basic, grunt_temple_overflow_gold_and_silver, uniq_sigmund
D:6:      layout_loops_ring, mainiacjoe_overflow_swirl, minmay_pentangle
D:7:      layout_basic, minmay_manual_moon, uniq_crazy_yiuf_cottage

Skill      XL: |  1  2  3  4  5  6  7  8  9 |
---------------+----------------------------+-----
Slings         | 2 3 4 5 7 9 11 | 11.1
Staves         | |  0.5
Dodging        | |  2.1
Stealth        | |  3.0
Unarmed Combat | |  0.2
Spellcasting   | |  2.1
Necromancy     | |  4.9
Transmutations | |  0.1

Action                   |  1- 3 |  4- 6 |  7- 9 || total
-------------------------+-------+-------+-------++-------
Melee: Unarmed           |    22 |       |       ||    22
       Bite              |     3 |       |       ||     3
       Punch             |     1 |       |       ||     1
       Staff             |    15 |       |       ||    15
 Fire: Hunting sling     |    29 |    73 |   220 ||   322
 Cast: Pain              |    10 |     4 |       ||    14
 Abil: Exsanguinate      |       |       |     1 ||     1
       Revivify          |       |       |     1 ||     1
  Use: Scroll            |     2 |     1 |     4 ||     7
       Potion            |       |       |     9 ||     9
 Stab: Sleeping          |     3 |       |       ||     3
Armor: Robe              |    17 |       |       ||    17
       Scale mail        |       |     8 |       ||     8
       Plate armour      |       |     1 |    70 ||    71
Dodge: Dodged            |    23 |    17 |    20 ||    60

Table legend: (Time is in decaauts)
 A = Elapsed time spent in this place.
 B = Non-inter-level travel time spent in this place.
 C = Inter-level travel time spent in this place.
 D = Time resting spent in this place.
 E = Time spent auto-exploring this place.
 F = Levels seen in this place.
 G = Mean time per level.
                   A        B        C        D        E       F      G
               +--------+--------+--------+--------+--------+-----+--------+
         Total |   5895 |   5675 |    220 |      0 |   4823 |   7 |  842.1 |
       Dungeon |   5895 |   5675 |    220 |      0 |   4823 |   7 |  842.1 |
               +--------+--------+--------+--------+--------+-----+--------+

Top non-repeatable levels by time:
     D:6: 1107 daAuts
     D:5: 1096 daAuts
     D:1: 922 daAuts
     D:4: 905 daAuts
     D:2: 821 daAuts
     D:3: 643 daAuts
     D:7: 399 daAuts
